Map: [ESL] Site Delta

Players

Reynor - Winner!

  • Race: Zerg Zerg
  • League: Master
  • Spawn Location: 5:00

Classic

  • Race: Protoss Protoss
  • Spawn Location: 11:00

Event: IEM Katowice 2024

VOD

Have the link to the VOD?

Description

Time

  • Played on: Dec. 8, 2023, 1:16 p.m.
  • Length: 9:13

All games in this series

Show
View Real Time Build Order
Export as new Build Order

Reynor Zerg - Winner!

Build Orders: Hatch First 

Get SALT Encoding   

  12  0:00  Drone  
  13  0:07  Drone  
  13  0:14  Extractor, Drone  
  15  0:36  Hatchery  
  15  0:40  Extractor  
  15  0:41  Drone  
  15  0:47  Overlord  
  15  1:01  Spawning Pool  
  14  1:05  Drone  
  14  1:10  Drone  
  16  1:14  Drone  
  17  1:19  Drone  
  18  1:27  Drone  
  18  1:28  Extractor  
  18  1:38  Drone  
  19  1:48  Queen x2  
  19  1:49  Zergling x2  
  19  1:52  Drone  
  25  2:00  Drone  
  25  2:01  Overlord  
  26  2:09  Drone  
  26  2:11  Drone  
  28  2:20  Drone  
  28  2:21  Drone  
  30  2:24  Queen  
  32  2:36  Hatchery  
  31  2:38  Drone  
  31  2:42  Overlord  
  32  2:46  Zergling x2  
  32  2:48  Zergling x2  
  34  2:52  Drone  
  34  2:53  Drone  
  34  2:58  Overlord  
  36  3:02  Drone x2  
  36  3:04  Drone  
  36  3:05  Drone  
  40  3:09  Drone  
  40  3:11  Drone x2  
  43  3:16  Queen  
  45  3:21  Overlord  
  45  3:27  Overlord  
  45  3:30  Queen  
  45  3:33  Drone x2  
  49  3:36  Drone x2  
  49  3:38  Drone  
  49  3:40  Drone  
  53  3:43  Overlord  
  53  3:44  Drone  
  53  3:47  Drone  
  55  3:50  Drone, Spore Crawler  
  55  3:56  Drone  
  55  3:57  Drone, Spore Crawler  
  55  4:02  Drone x3  
  59  4:03  Drone  
  59  4:08  Drone x3  
  64  4:10  Drone  
  64  4:14  Overlord  
  64  4:16  Lair  
  64  4:17  Drone  
  64  4:19  Drone  
  64  4:20  Drone  
  67  4:27  Drone, Roach Warren  
  67  4:29  Drone x2  
  68  4:33  Extractor  
  68  4:34  Drone x2  
  68  4:36  Extractor  
  68  4:37  Overlord  
  68  4:39  Drone x3  
  68  4:43  Queen  
  68  4:44  Drone  
  68  4:45  Drone x2  
  76  4:46  Drone  
  76  4:49  Overlord  
  77  4:53  Extractor  
  77  4:56  Evolution Chamber  
  75  5:00  Drone x2  
  75  5:01  Overlord  
  77  5:10  Roach x7  
  77  5:11  Drone  
  77  5:12  Overlord  
  91  5:16  Roach x2  
  91  5:17  Overseer  
  95  5:24  Zerg Missile Weapons Level 1  
  95  5:28  Drone  
  95  5:29  Spore Crawler  
  95  5:31  Drone x3, Hatchery  
  95  5:32  Overlord  
  95  5:34  Roach x2  
  101  5:40  Roach x4  
  109  5:46  Metabolic Boost  
  109  5:48  Overlord  
  109  5:52  Extractor  
  109  5:55  Drone x4, Queen  
  109  5:56  Overlord  
  113  5:59  Drone x2  
  113  6:02  Roach  
  117  6:05  Queen  
  117  6:06  Glial Reconstitution  
  117  6:08  Extractor  
  117  6:09  Queen  
  120  6:13  Overlord  
  120  6:14  Roach x3  
  125  6:19  Overlord  
  125  6:22  Roach x3  
  125  6:23  Roach  
  133  6:26  Overlord  
  133  6:29  Overlord  
  133  6:35  Roach  
  133  6:36  Roach  
  133  6:37  Overlord  
  133  6:38  Queen  
  139  6:41  Queen  
  139  6:45  Spire  
  140  6:56  Queen  
  142  7:06  Drone x6  
  142  7:07  Drone x5  
  151  7:14  Queen  
  151  7:15  Overlord  
  149  7:17  Queen  
  149  7:22  Spore Crawler  
  144  7:24  Spore Crawler  
  139  7:32  Queen  
  117  7:49  Queen x2  
  117  7:50  Spore Crawler  
  116  7:53  Queen  
  116  7:58  Corruptor x11  
  116  8:02  Corruptor x2  
  128  8:14  Roach  
  128  8:15  Roach x8  
  128  8:17  Extractor  
  128  8:19  Roach x3  
  149  8:26  Roach x3  
  149  8:27  Roach x2  
  157  8:36  Zergling x10, Roach x3  
  166  8:45  Ravager x3  
  166  8:47  Zergling x12  
  173  8:51  Overlord  
Show
View Real Time Build Order
Export as new Build Order

Classic Protoss 

Build Orders: 1 Gate Expand, Oracle Opening 

Get SALT Encoding   

  12  0:00  Probe  
  13  0:13  Pylon  
  13  0:17  Probe (Chrono Boost)  
  14  0:27  Probe (Chrono Boost)  
  15  0:32  Probe (Chrono Boost)  
  16  0:39  Gateway  
  16  0:44  Probe  
  16  0:48  Assimilator  
  17  0:56  Probe  
  18  1:08  Probe  
  19  1:20  Probe  
  20  1:25  Nexus  
  20  1:32  Probe  
  21  1:39  Cybernetics Core  
  21  1:44  Probe  
  22  1:48  Assimilator  
  22  1:54  Pylon  
  22  1:57  Probe  
  23  2:12  Adept (Chrono Boost), Probe  
  26  2:19  Stargate  
  26  2:24  Probe  
  26  2:29  Warp Gate  
  27  2:35  Adept  
  30  2:37  Probe x2 (Chrono Boost)  
  31  2:47  Probe x2 (Chrono Boost)  
  33  2:51  Probe (Chrono Boost)  
  33  2:52  Probe (Chrono Boost)  
  35  3:03  Probe  
  35  3:04  Probe  
  37  3:09  Void Ray (Chrono Boost)  
  41  3:13  Pylon  
  41  3:16  Probe x2  
  43  3:22  Gateway  
  43  3:28  Probe x2  
  45  3:36  Oracle (Chrono Boost)  
  45  3:40  Assimilator, Probe x2  
  50  3:42  Assimilator  
  50  3:47  Pylon  
  50  3:52  Probe x2  
  52  4:04  Probe x2  
  52  4:07  Fleet Beacon  
  54  4:16  Probe x2  
  56  4:22  Stargate  
  56  4:25  Nexus  
  56  4:34  Pylon  
  56  4:36  Probe x2  
  56  4:38  Pylon  
  58  4:48  Probe x2  
  65  4:54  Tempest (Chrono Boost)  
  65  5:00  Probe x2  
  67  5:09  Pylon  
  67  5:12  Tempest (Chrono Boost)  
  72  5:16  Probe x2  
  79  5:28  Probe x2  
  79  5:29  Shield Battery  
  79  5:30  Pylon  
  79  5:32  Tempest (Chrono Boost)  
  81  5:38  Tempest (Chrono Boost)  
  87  5:42  Probe  
  87  5:43  Probe x2  
  87  5:45  Assimilator  
  87  5:48  Pylon  
  89  5:52  Shield Battery  
  89  5:54  Probe  
  89  5:55  Probe x2  
  92  6:03  Assimilator  
  92  6:07  Probe x3  
  100  6:11  Tempest (Chrono Boost)  
  100  6:12  Tempest (Chrono Boost)  
  100  6:16  Pylon  
  105  6:21  Zealot x2  
  109  6:28  Pylon  
  109  6:33  Unknown  
  109  6:39  Pylon  
  109  6:45  Zealot x2  
  113  6:52  Gateway  
  113  6:53  Void Ray (Chrono Boost)  
  121  6:54  Void Ray (Chrono Boost)  
  116  7:07  Stalker x2  
  118  7:12  Pylon  
  118  7:14  Gateway  
  112  7:16  Gateway  
  112  7:19  Gateway  
  108  7:30  Void Ray (Chrono Boost)  
  108  7:32  Stalker x2  
  108  7:33  Void Ray (Chrono Boost)  
  99  7:45  Gateway  
  91  7:58  Stalker x2  
  91  8:05  Void Ray (Chrono Boost)  
  103  8:06  Void Ray (Chrono Boost)  
  101  8:19  Stalker x3  
  107  8:27  Probe  
  108  8:39  Probe  
  117  8:46  Stalker x3  
  117  8:47  Stalker x3  

Tags
 
Add a new tag
Caveats
  • Supply blocks, unpowered buildings, or Contaminate may cause inaccurate times.
  • Supply counts are checked every 10 seconds.